 Dungeon Crawl Stone Soup version 0.28.0-43-g3370ac3207 (webtiles) character file.

Game seed: 14475151933757672388

603 sking99 the Cudgeller (level 7, -4/55 HPs)
             Began as a Demonspawn Gladiator on Mar 24, 2022.
             Was an Initiate of Gozag.
             Slain by an ogre
             ... wielding a +0 giant club
              (13 damage)
             ... on level 4 of the Dungeon.
             The game lasted 00:06:09 (5085 turns).

sking99 the Cudgeller (Demonspawn Gladiator)        Turns: 5085, Time: 00:06:09

Health: -4/55      AC:  9    Str: 17    XL:     7   Next: 18%
Magic:  7/7        EV: 12    Int: 15    God:    Gozag
Gold:   120        SH:  0    Dex: 14    Spells: 6/6 levels left

rFire   . . .      SeeInvis .   a - +0 flail
rCold   + . .      Faith    .   (no shield)
rNeg    . . .      Spirit   .   b - +0 leather armour
rPois   .          Reflect  .   c - +1 helmet
rElec   .          Harm     .   (no cloak)
rCorr   .          Rampage  .   (no gloves)
Will    .....                   (no boots)
Stlth   +.........              p - amulet of the acrobat
HPRegen 0.18/turn               f - +6 ring of intelligence
MPRegen 0.20/turn               (no ring)

@: no status effects
A: icy blue scales 3, magic regeneration
a: Renounce Religion, Potion Petition, Call Merchant, Bribe Branch


You were on level 4 of the Dungeon.
You worshipped Gozag.
Gozag was aware of your devotion.
You visited 1 branch of the dungeon, and saw 4 of its levels.
You also visited: Sewer.

You collected 192 gold pieces.
You paid 72 gold pieces to Gozag.

Inventory:

Hand Weapons
 a - a +0 flail (weapon)
Missiles
 d - 2 throwing nets (quivered)
Armour
 b - a +0 leather armour (worn)
 c - a +1 helmet (worn)
Jewellery
 f - a +6 ring of intelligence (left hand)
 p - an amulet of the acrobat (around neck)
Scrolls
 g - a scroll of silence
 h - 2 scrolls of teleportation
 k - 2 scrolls of immolation
 l - 2 scrolls of vulnerability
Potions
 e - 2 potions of flight
 i - 4 potions of mutation {unknown}
 j - a potion of might {unknown}
 m - a potion of degeneration {unknown}
 n - a potion of curing {unknown}
 o - 3 potions of haste


   Skills:
 + Level 4.8 Fighting
 * Level 6.4 Maces & Flails
 - Level 1.7 Throwing
 - Level 2.6 Dodging


You had 6 spell levels left.
You didn't know any spells.
Your spell library contained the following spells:

 Spells                   Type           Power      Damage    Failure   Level
 Borgnjor's Revivificati  Necr           0%         N/A       100%        8
 Necromutation            Tmut/Necr      0%         N/A       100%        8
 Death's Door             Necr           0%         N/A       100%        9


Dungeon Overview and Level Annotations

Branches:
Dungeon (4/15)              Sewer (visited)
 Temple: D:4-7

Altars:
Dithmenos
Elyvilon
Gozag
Zin

Shops:
D:4 :


Innate Abilities, Weirdness & Mutations

You are completely covered in icy blue scales. (AC +4, rC+)
You regenerate magic rapidly.


Message History

Found a gold piece.
You now have 186 gold pieces (gained 1).
You now have 187 gold pieces (gained 1).
You now have 188 gold pieces (gained 1).
You now have 189 gold pieces (gained 1).
You now have 190 gold pieces (gained 1).
You now have 191 gold pieces (gained 1).
You now have 192 gold pieces (gained 1).
There is an opulent altar of Gozag here.
You kneel at the altar of Gozag.
Gozag welcomes you!
You pay a service fee of 72 gold.
l - 2 scrolls of vulnerability (gained 1)
m - a viscous emerald potion An ogre comes into view.
It is wielding a +0 giant club.
The ogre shouts!
Found 2 potions of flight.
A goblin comes into view. It is wielding a +0 club.
The goblin shouts!
You hit the ogre.
The ogre is lightly wounded.
The ogre misses you.
You hit the ogre.
The ogre is lightly wounded.
The ogre hits you with a +0 giant club!!
You hit the ogre.
The ogre is moderately wounded.
The ogre closely misses you.
You thump the ogre!
The ogre is heavily wounded.
The ogre hits you but does no damage.
You hit the ogre.
The ogre is severely wounded.
The ogre hits you with a +0 giant club!!
* * * LOW HITPOINT WARNING * * *
You hit the ogre.
The ogre is severely wounded.
The goblin closely misses you. The ogre hits you with a +0 giant club!
You die...
Your body crumbles into a pile of gold.

*,,** *,,,,,,,******,$#....#
**,** ##...,,,,,,,,,,,,,,....
**,,* ##..!.,,,,,,,,,,,*****#.
*,,** #.....*******,,,,* *#
,,,,*** *#.....#* **,,########
,,,,,,***.......* *..#≈.≈≈≈≈≈
,,,,,,,,,.......## *#..########
,,,,,,,,,.###..O.#####..#* **,,
,,,,,***,......g@.#......*****,,,
****,,**,............#**,,,,*...,
**,**,....####...## **,,,,,.., *
*,,*,..#** ##...# **,,*+#., **
*,,,,.** ##....# **,*,#.# ,**
**,,,** #.....# *,,*,#.. ,,**
*,,,* ##.....## **,,*,#..
..,*##########.......#***,,**,##.
...,#8_8#...............,,,*,,,#.


You could see an ogre and a goblin.

Vanquished Creatures
  A black bear (D:3)
  Pargi (Sewer)
  A phantom (D:2)
  A bullfrog (D:3)
  A scorpion (D:4)
  10 adders
  7 gnolls
  2 worms (D:2)
  3 dart slugs
  10 ball pythons
  4 endoplasms
  2 giant cockroaches
  8 goblins
  A hobgoblin (D:3)
  2 quokkas
  6 bats
  7 frilled lizards
  4 kobolds
71 creatures vanquished.

Notes
Turn   | Place    | Note
-------+----------+-------------------------------------------
     0 | D:1      | sking99 the Demonspawn Gladiator began the quest for the
                  | Orb.
     0 | D:1      | Reached XP level 1. HP: 16/16 MP: 1/1
   192 | D:1      | Reached skill level 3 in Maces & Flails
   209 | D:1      | Gained mutation: You are partially covered in icy blue
                  | scales. (AC +2) [demonic ancestry]
   209 | D:1      | Reached XP level 2. HP: 22/22 MP: 2/2
   798 | D:2      | Gained mutation: You regenerate magic rapidly. [demonic
                  | ancestry]
   798 | D:2      | Reached XP level 3. HP: 28/28 MP: 3/3
  1027 | D:2      | Noticed a phantom
  1268 | D:2      | Killed a phantom
  1269 | D:2      | Reached skill level 4 in Maces & Flails
  1269 | D:2      | Reached XP level 4. HP: 18/35 MP: 4/4
  2003 | D:1      | Reached XP level 5. HP: 31/41 MP: 5/5
  2837 | D:3      | Found a faded altar of an unknown god.
  3208 | D:3      | Reached skill level 5 in Maces & Flails
  3415 | D:3      | Noticed a black bear
  3429 | D:3      | Killed a black bear
  3430 | D:3      | Gained mutation: You are mostly covered in icy blue scales.
                  | (AC +3) [demonic ancestry]
  3430 | D:3      | Reached XP level 6. HP: 35/48 MP: 6/6
  4223 | D:4      | Found a glowing drain.
  4322 | Sewer    | Entered a sewer
  4434 | Sewer    | Noticed Pargi
  4445 | Sewer    | Killed Pargi
  4446 | Sewer    | Reached skill level 6 in Maces & Flails
  4446 | Sewer    | Gained mutation: You are completely covered in icy blue
                  | scales. (AC +4, rC+) [demonic ancestry]
  4446 | Sewer    | Reached XP level 7. HP: 35/55 MP: 7/7
  4771 | D:4      | Found a shadowy altar of Dithmenos.
  4925 | D:4      | Found Xotafur's Book Emporium.
  5029 | D:4      | Found an opulent altar of Gozag.
  5055 | D:4      | Became a worshipper of Gozag Ym Sagoz the Greedy
  5085 | D:4      | Slain by an ogre

Illustrated notes

Levels and vault maps discovered:
D:1:      dpeg_arrival_pits, layout_loops_cross, minmay_misc_feat_secret_circle
D:2:      layout_basic
D:3:      layout_basic, mainiacjoe_overflow_alcove_1,
          hellmonk_ecumenical_altar_blasted, minmay_snake_closets
D:4:      layout_layer_cave, mainiacjoe_overflow_surrounded_room,
          mainiacjoe_overflow_alcove_2, grunt_gozag_breadcrumbs,
          portal_sewer_entry_d, serial_shops, nicolae_shop_hallway_stairs

Skill      XL: |  1  2  3  4  5  6 |
---------------+-------------------+-----
Maces & Flails | 3 4 5 6 |  6.4
Fighting       | 3 4 |  4.8
Throwing       | |  1.7
Dodging        | |  2.6

Action                   |  1- 3 |  4- 6 |  7- 9 || total
-------------------------+-------+-------+-------++-------
Melee: Flail             |    79 |   204 |    32 ||   315
       Punch             |       |     1 |     1 ||     2
Throw: Throwing net      |     2 |       |       ||     2
  Use: Scroll            |       |       |     6 ||     6
 Stab: Sleeping          |     1 |     1 |       ||     2
Armor: Leather armour    |    20 |    87 |     7 ||   114
Dodge: Dodged            |    45 |   178 |    22 ||   245
